 Dungeon Crawl Stone Soup version 0.29.0-13-gc9e81de378 (webtiles) character file.

Game seed: 9654940171293323161

248 apoch the Slasher (level 5, -2/40 HPs)
             Began as a Minotaur Fighter on Sept 10, 2022.
             Was a Believer of Hepliaklqana.
             Blown up by Ijyb (7 damage)
             ... with a mindburst bolt
             ... on level 3 of the Dungeon.
             The game lasted 00:03:01 (2779 turns).

apoch the Slasher (Minotaur Fighter)                Turns: 2779, Time: 00:03:02

Health: -2/40      AC:  6    Str: 23    XL:     5   Next: 86%
Magic:  4/4        EV:  9    Int:  5    God:    Hepliaklqana [**....]
Gold:   43         SH:  4    Dex:  9    Spells: 4/4 levels left

rFire   . . .      SeeInvis .   a - +0 long sword
rCold   . . .      Faith    .   c - +0 buckler
rNeg    . . .      Spirit   .   b - +0 scale mail
rPois   .          Reflect  .   (helmet restricted)
rElec   .          Harm     .   (no cloak)
rCorr   .          Rampage  .   (no gloves)
Will    .....                   (no boots)
Stlth   ..........              (no amulet)
HPRegen 0.13/turn               (no ring)
MPRegen 0.09/turn               (no ring)

@: no status effects
A: reduced essence, horns 2, retaliatory headbutt
a: Renounce Religion, Recall Ancestor, Ancestor Identity


You were on level 3 of the Dungeon.
You worshipped Hepliaklqana.
Hepliaklqana was pleased with you.
You visited 1 branch of the dungeon, and saw 3 of its levels.

You collected 43 gold pieces.

Inventory:

Hand Weapons
 a - a +0 long sword (weapon)
 r - a +1 falchion of protection
Armour
 b - a +0 scale mail (worn)
 c - a +0 buckler (worn)
Jewellery
 m - an amulet of magic regeneration
Wands
 q - a wand of polymorph (11)
Scrolls
 e - a scroll of noise {unknown}
 h - 3 scrolls of identify {unknown}
 j - a scroll of blinking {unknown}
 k - a scroll of butterflies {unknown}
 n - a scroll of silence {unknown}
 o - a scroll of magic mapping {unknown}
 p - 2 scrolls of fear {unknown}
 s - a scroll of amnesia {unknown}
Potions
 d - 2 potions of might
 f - a potion of flight {unknown}
 g - a potion of attraction {unknown}
 i - a potion of curing
 l - a potion of mutation {unknown}


   Skills:
 - Level 3.6 Fighting
 + Level 7.5 Long Blades
 - Level 3.6 Armour
 - Level 3.6 Shields


You had 4 spell levels left.
You didn't know any spells.
Your spell library contained the following spells:

 Spells                   Type           Power      Damage    Failure   Level
 Ensorcelled Hibernation  Hex/Ice        0%         N/A       95%         2
 Poisonous Vapours        Pois/Air       0%         N/A       95%         2
 Corpse Rot               Necr/Pois/Air  0%         N/A       100%        4
 Fulminant Prism          Conj/Hex       0%         3d6       100%        4
 Summon Forest            Summ/Tloc      0%         N/A       100%        5
 Summon Mana Viper        Hex/Summ       0%         N/A       100%        5
 Summon Cactus Giant      Summ           0%         N/A       100%        6


Dungeon Overview and Level Annotations

Branches:
Dungeon (3/15)

Altars:
Hepliaklqana

Shops:
D:2 [

Annotations:
D:3 Ijyb


Innate Abilities, Weirdness & Mutations

Your life essence is reduced to manifest your ancestor. (-10% HP)
You have a pair of horns on your head.
You reflexively headbutt those who attack you in melee.


Message History

The goblin dies!
Jim blocks the goblin's attack.
Ijyb zaps a wand.
Your mind is blasted!
Jim blocks the goblin's attack.
You throw a stone. The stone barely misses Ijyb.
Jim hits the goblin with a +0 flail.
The goblin hits Jim but does no damage. x2
Ijyb hits Jim with a +0 dagger.
You throw a stone. The stone completely misses the goblin.
Jim misses the goblin.
The goblin hits Jim but does no damage.
Jim blocks Ijyb's attack.
The goblin hits Jim but does no damage.
Jim barely misses the goblin.
Jim blocks the goblin's attack.
Ijyb zaps a wand.
Your mind is blasted!
The goblin hits Jim but does no damage.
You are too injured to fight recklessly!
You are too injured to fight recklessly!
A goblin comes into view. It is wielding a +0 long sword.
Jim hits the goblin with a +0 flail.
The goblin dies!
Ijyb zaps a wand.
Jim's mind is blasted.
You closely miss the goblin.
The goblin is severely wounded.
Jim hits Ijyb with a +0 flail!
The goblin closely misses you. You furiously retaliate!
You headbutt the goblin.
You kill the goblin!
The goblin throws a stone.
The stone barely misses you.
Ijyb barely misses Jim.
Jim hits Ijyb but does no damage.
The goblin throws a stone.
The stone hits you but does no damage.
Ijyb barely misses Jim.
Things that are here:
a +0 club; a goblin corpse Jim barely misses Ijyb.
The goblin throws a stone.
The stone hits you but does no damage.
Ijyb zaps a wand.
Your mind is blasted!
* * * LOW HITPOINT WARNING * * *
Things that are here:
a +0 dagger; a +0 club; a goblin corpse You closely miss Ijyb.
Ijyb is moderately wounded.
Jim hits Ijyb with a +0 flail.
Ijyb zaps a wand.
You barely resist. You hit Ijyb. Your headbutt misses Ijyb.
Ijyb is heavily wounded.
Jim barely misses Ijyb.
The goblin throws a stone.
The stone hits you but does no damage.
Ijyb zaps a wand.
Your mind is blasted!
You die...

....##.#....#.# #.#
.......#...)#.# #.#
.....#.#....'.# #.#
.....###....### #.############
............# #............#
....†#########################.#
.........# #...8.8.8.8. #.#
R#'#.###.####..))..g....######.#
.#.............R@......)#......#
.#.........###).g..$....#.######
.#......................#.#
.#..#####.###...........#.#
.#..............8.8.8.8.#.#
...######################.# ....
.........##.# .... ########.##.#
....# #######'##.#


You could see the friendly Jim the knight, Ijyb (ally target) and a goblin.

Vanquished Creatures
  Sigmund (D:2)
  Robin (D:2)
  An adder (D:3)
  A gnoll (D:1)
  3 worms
  3 ball pythons (D:1)
  2 bats
  3 endoplasms
  2 giant cockroaches
  6 hobgoblins
  A kobold (D:3)
  A frilled lizard (D:1)
  9 goblins
  A rat (D:1)
35 creatures vanquished.

Vanquished Creatures (collateral kills)
  A giant cockroach (D:3)
  4 goblins (D:3)
  2 hobgoblins (D:3)
  2 quokkas (D:3)
  3 ball pythons
12 creatures vanquished.

Vanquished Creatures (others)
  2 ancestors (D:2)
2 creatures vanquished.

Grand Total: 49 creatures vanquished

Notes
Turn   | Place    | Note
-------+----------+-------------------------------------------
     0 | D:1      | apoch the Minotaur Fighter began the quest for the Orb.
     0 | D:1      | Reached XP level 1. HP: 19/19 MP: 0/0
   194 | D:1      | Reached skill level 3 in Long Blades
   267 | D:1      | Found a faded altar of an unknown god.
   310 | D:1      | Reached XP level 2. HP: 16/26 MP: 1/1
   648 | D:1      | Prayed at the altar of an unknown god.
   648 | D:1      | Became a worshipper of Hepliaklqana the Forgotten
   648 | D:1      | Reached * piety under Hepliaklqana
  1274 | D:2      | Reached skill level 4 in Long Blades
  1350 | D:2      | Found Xahur's Antique Armour Shoppe.
  1690 | D:2      | Noticed Sigmund
  1698 | D:2      | Killed Sigmund
  1699 | D:2      | Reached skill level 6 in Long Blades
  1699 | D:2      | Reached XP level 3. HP: 15/27 MP: 2/2
  1699 | D:2      | Reached XP level 4. HP: 19/35 MP: 3/3
  1699 | D:2      | Reached XP level 5. HP: 22/40 MP: 4/4
  1896 | D:2      | Noticed Robin
  1913 | D:2      | Reached skill level 7 in Long Blades
  1945 | D:2      | HP: 1/40 [Robin/+1 falchion of protection (6)]
  1946 | D:2      | Killed Robin
  2385 | D:3      | Got the Precepts of Glamour and Fog
  2737 | D:3      | Reached ** piety under Hepliaklqana
  2763 | D:3      | Remembered your ancestor Jim as a knight
  2764 | D:3      | Noticed Ijyb
  2779 | D:3      | Blown up by Ijyb

Illustrated notes

Levels and vault maps discovered:
D:1:      lemuel_arrival_lava_pool, layout_basic,
          chequers_ecumenical_altar_island, minivault_24
D:2:      layout_loops_cross, serial_shops, nicolae_shop_crystal, uniq_robin,
          uniq_sigmund
D:3:      kennysheep_the_goblin_king, layout_basic

Skill      XL: |  1  2  3  4  5 |
---------------+----------------+-----
Long Blades    | 3 6 7 |  7.5
Fighting       | |  3.6
Armour         | |  3.6
Shields        | |  3.6

Action                   |  1- 3 |  4- 6 || total
-------------------------+-------+-------++-------
Melee: Long sword        |    39 |    69 ||   108
       Headbutt          |     5 |    14 ||    19
Throw: Stone             |       |     8 ||     8
Invok: Ancestor Identity |     1 |       ||     1
       Ancestor Life: Kn |       |     1 ||     1
  Use: Potion            |     1 |       ||     1
Armor: Scale mail        |    22 |    17 ||    39
Dodge: Dodged            |    19 |    19 ||    38
Block: Buckler           |     5 |    13 ||    18
